 Dungeon Sprint DCSS version 0.23.0 (webtiles) character file.

Game seed: 2386274621552523124

5917 nuthulu the Naga Aeon (level 10, -6/104 HPs)
             Began as a Naga Fighter on Feb 18, 2019.
             Was the Champion of Cheibriados.
             Killed from afar by an ice dragon (58 damage)
             ... with a blast of cold
             ... in the Dungeon (Sprint V: "Ziggurat Sprint").
             The game lasted 00:03:36 (445 turns).

nuthulu the Naga Aeon (Naga Fighter)                 Turns: 445, Time: 00:03:36

Health: -6/104     AC: 29    Str: 47    XL:     10   Next: 83%
Magic:  4/20       EV:  2    Int: 24    God:    Cheibriados [******]
Gold:   0          SH: 35    Dex: 30    Spells: 9/9 levels left

rFire    . . .     SeeInvis +   H - +14 obsidian axe {chop, +Fly SInv *Curse} (curse)
rCold    . . .     Gourm    .   G - +18 shield of the Gong {rElec rN+ MR+ EV-5}
rNeg     + . .     Faith    .   F - +15 Maxwell's patent armour {-Cast -Tele rElec MR+ rCorr}
rPois    +         Spirit   .   (no helmet)
rElec    +         Reflect  .   (no cloak)
rCorr    +         Harm     .   o - +0 pair of gloves {Dex+3}
MR       +++..     NoTele   +   (no barding) Stlth ..........NoCast +
                                (no amulet)
HPRegen  0.27/turn              E - +6 ring of strength
MPRegen  0.17/turn              D - +6 ring of strength

@: mesmerised, very slow
A: large, see invisible, deformed body, poison resistance, slowness 2, slow
metabolism 1, spit poison 1, AC +3
a: Spit Poison, Bend Time, Temporal Distortion, Slouch, Step From Time, Renounce
Religion, Evoke Flight


You were in the Dungeon.
You worshipped Cheibriados.
Cheibriados was exalted by your worship.
You were not hungry.

You visited 1 branch

Inventory:

Hand Weapons
 a - a +0 war axe
 H - the cursed +14 obsidian axe (weapon) {chop, +Fly SInv *Curse}
   (You found it in the Dungeon)

   It inflicts extra damage upon your enemies.
   It lets you see invisible.
   It lets you fly.
   It curses itself when equipped.
   It has a curse placed upon it.
Armour
 b - a +0 scale mail
 c - a +0 shield
 o - a +0 pair of gloves of dexterity (worn)
 F - the +15 Maxwell's patent armour (worn) {-Cast -Tele rElec MR+ rCorr}
   (You found it in the Dungeon)

   It insulates you from electricity.
   It affects your resistance to hostile enchantments.
   It prevents spellcasting.
   It prevents most forms of teleportation.
   It provides partial protection from all sources of acid and corrosion.
 G - the +18 shield of the Gong (worn) {rElec rN+ MR+ EV-5}
   (You found it in the Dungeon)

   It affects your evasion (-5).
   It insulates you from electricity.
   It protects you from negative energy.
   It affects your resistance to hostile enchantments.
Jewellery
 z - a +6 ring of dexterity
 A - a +6 ring of dexterity
 B - a +6 ring of intelligence
 C - a +6 ring of intelligence
 D - a +6 ring of strength (right hand)
 E - a +6 ring of strength (left hand)
Wands
 w - a wand of disintegration (7)
 x - a wand of iceblast (7)
 y - a wand of acid (7)
Scrolls
 k - 4 scrolls of blinking
 q - 4 scrolls of amnesia
 r - 7 scrolls of fog
 s - a scroll of holy word
 t - 5 scrolls of identify
 u - 5 scrolls of remove curse
 v - 2 scrolls of fear
 I - 2 scrolls of brand weapon
Potions
 d - 6 potions of might
 e - 10 potions of curing
 g - 10 potions of heal wounds
 h - 6 potions of haste
 i - 7 potions of magic
 j - 3 potions of berserk rage
 l - 2 potions of brilliance
 m - 2 potions of invisibility
 n - 4 potions of resistance
 p - 5 potions of agility
Comestibles
 f - 7 rations


   Skills:
 + Level 11.0 Fighting
 + Level 11.0 Axes
 + Level 9.5 Armour
 + Level 10.5 Shields
 + Level 13.5 Invocations


You had 9 spell levels left.
You didn't know any spells.
Your spell library was empty.

Dungeon Overview and Level Annotations

Branches:
Dungeon (1/1)

Altars:
Ashenzari
Cheibriados
Dithmenos
Elyvilon
Fedhas
Gozag
Hepliaklqana
Kikubaaqudgha
Makhleb
Nemelex Xobeh
Okawaru
Qazlal
Ru
Sif Muna
Trog
Uskayaw
Vehumet
Wu Jian
Xom
Yredelemnul
Zin
The Shining One
Beogh
Jiyva
Lugonu


Innate Abilities, Weirdness & Mutations

You cannot wear boots.
Your serpentine skin is tough. (AC +3)
You have supernaturally acute eyesight. (SInv)
Armour fits poorly on your strangely shaped body.
Your system is resistant to poisons. (rPois)
You cover ground very slowly.
You have a slow metabolism.
You can spit poison.


Message History

Your Fighting skill increases to level 11!
Your Axes skill increases to level 11!
You feel somewhat more hungry.
Visions of slaying the ice dragon flood into your mind.
The ice dragon breathes frost at you.
The blast of cold hits you but does no damage.
A frost giant comes into view.
It is wielding a +2 battleaxe of freezing.
Unknown command.
Unknown command.
Unknown command.
You don't have enough magic at the moment.
Unknown command.
Unknown command.
The frost giant shouts!
The ice dragon breathes frost at you. The blast of cold hits you!!!
The ice dragon breathes frost at you. The blast of cold hits you!!!
Ouch! That really hurt!
You die...

▓...8©8...▓
▓..|)})...▓..?)}=:..▓
▓.†:[|)|..▓...).=:..▓
▓....C....▓.).))))..▓
▓.........▓...)))...▓
▓.....D...▓....)....▓
▓...DCD...▓.........▓
▓.........▓.▓..(..▓.▓
▓.▓..@..▓.▓....©....▓
▓....©....▓▓▓▓▓▓▓▓▓▓▓
▓▓▓▓▓▓▓▓▓▓▓


You could see 2 frost giants and 3 ice dragons.

Vanquished Creatures
  A blizzard demon (D)
  A deep elf knight (D)
  A deep elf archer (D)
  An orc sorcerer (D)
  2 rime drakes (D)
  6 merfolk (D)
  2 hippogriffs (D)
  A fire elemental (D)
  An orc warrior (D)
  3 centaurs (D)
  An iron imp (D)
  3 orc priests (D)
  4 orc wizards (D)
  2 white imps (D)
  An adder zombie (D)
  4 orcs (D)
  A bat zombie (D)
  2 fire vortices (D)
37 creatures vanquished.

Vanquished Creatures (collateral kills)
  A dancing weapon (D)
  2 merfolk (D)
  3 ice beasts (D)
  A necrophage (D)
  A centaur (D)
  2 wights (D)
  An orc priest (D)
  An orc wizard (D)
  A shadow imp (D)
  3 white imps (D)
  An adder skeleton (D)
  An orc (D)
  A bat skeleton (D)
  2 bat zombies (D)
  A leopard gecko skeleton (D)
22 creatures vanquished.

Grand Total: 59 creatures vanquished

Notes
Turn   | Place    | Note
-------+----------+-------------------------------------------
     0 | D        | Found the +6 Majin-Bo {vamp, Archmagi MP+6 Int+6}
     0 | D        | Found the +7 great mace "Firestarter" {inner flame, rF++}
     0 | D        | nuthulu the Naga Fighter began the quest for the Orb.
     0 | D        | Reached XP level 1. HP: 21/21 MP: 1/1
     0 | D        | Found a deep blue altar of Sif Muna.
     0 | D        | Found a sacrificial altar of Ru.
     0 | D        | Found a bloodstained altar of Trog.
     0 | D        | Found a stormy altar of Qazlal.
     0 | D        | Found an iron altar of Okawaru.
     0 | D        | Found a sparkling altar of Nemelex Xobeh.
     0 | D        | Found a blossoming altar of Fedhas.
     2 | D        | Found a transporter.
     2 | D        | Found an ancient bone altar of Kikubaaqudgha.
     2 | D        | Found a viscous altar of Jiyva.
     2 | D        | Found a corrupted altar of Lugonu.
     2 | D        | Found a hazy altar of Hepliaklqana.
     2 | D        | Found a burning altar of Makhleb.
     2 | D        | Found an opulent altar of Gozag.
    17 | D        | Found the +9 heavy crossbow "Sniper" {velocity, Acc+∞ SInv}
    17 | D        | Found the +10 dark maul {crush}
    17 | D        | Found the +15 Maxwell's patent armour {-Cast -Tele rElec
                  | MR+ rCorr}
    17 | D        | Found the +18 shield of the Gong {rElec rN+ MR+ EV-5}
    17 | D        | Found the cursed +14 obsidian axe {chop, +Fly SInv *Curse}
    55 | D        | Became a worshipper of Cheibriados the Contemplative
    63 | D        | Reached XP level 2. HP: 31/31 MP: 2/2
    64 | D        | Entered arena 2.
    64 | D        | Found a transporter.
    66 | D        | Reached skill level 5 in Fighting
    66 | D        | Reached skill level 2 in Invocations
    66 | D        | Reached XP level 3. HP: 39/39 MP: 2/4
    66 | D        | Reached * piety under Cheibriados
    71 | D        | Entered arena 3.
    71 | D        | Noticed a fire elemental
    71 | D        | Found a transporter.
    79 | D        | Killed a fire elemental
    79 | D        | Reached skill level 5 in Axes
    79 | D        | Reached skill level 5 in Armour
    79 | D        | Reached skill level 5 in Shields
    79 | D        | Reached skill level 5 in Invocations
    79 | D        | Reached XP level 4. HP: 34/48 MP: 3/8
    79 | D        | Reached XP level 5. HP: 39/55 MP: 3/9
   172 | D        | Entered arena 4.
   172 | D        | Noticed a deep elf knight
   172 | D        | Noticed a +6 battleaxe of flaming
   172 | D        | Noticed an orc sorcerer
   172 | D        | Noticed a deep elf archer
   172 | D        | Found a transporter.
   178 | D        | Noticed a red devil
   178 | D        | Killed an orc sorcerer
   178 | D        | Reached ** piety under Cheibriados
   178 | D        | Reached skill level 8 in Invocations
   178 | D        | Reached XP level 6. HP: 57/66 MP: 9/12
   178 | D        | Reached XP level 7. HP: 63/72 MP: 9/13
   179 | D        | Killed a deep elf knight
   179 | D        | Reached skill level 10 in Invocations
   179 | D        | Reached XP level 8. HP: 71/81 MP: 9/15
   179 | D        | Killed a +6 battleaxe of flaming
   179 | D        | Reached *** piety under Cheibriados
   179 | D        | Reached skill level 11 in Invocations
   179 | D        | Reached XP level 9. HP: 79/90 MP: 9/17
   180 | D        | Killed a deep elf archer
   180 | D        | Reached skill level 12 in Invocations
   186 | D        | Entered arena 5.
   186 | D        | Found a transporter.
   187 | D        | Reached **** piety under Cheibriados
   189 | D        | Reached ***** piety under Cheibriados
   208 | D        | Entered arena 6.
   208 | D        | Found a transporter.
   216 | D        | Entered arena 7.
   217 | D        | Found a transporter.
   218 | D        | Reached ****** piety under Cheibriados
   228 | D        | Entered arena 8.
   228 | D        | Noticed a merfolk
   228 | D        | Noticed a merfolk
   228 | D        | Noticed a merfolk
   229 | D        | Found a transporter.
   233 | D        | Killed a merfolk
   234 | D        | Killed a merfolk
   235 | D        | Killed a merfolk
   241 | D        | Entered arena 9.
   242 | D        | Found a transporter.
   252 | D        | Entered arena 10.
   252 | D        | Noticed a merfolk
   252 | D        | Noticed a merfolk
   252 | D        | Noticed a merfolk
   252 | D        | Noticed a merfolk
   252 | D        | Noticed a merfolk
   253 | D        | Identified the +11 hand axe of Sour {elec, rPois Int+2
                  | Dex+3}
   253 | D        | Identified the cursed +2 short sword "Dragon's Tongue"
                  | {freeze, Int+6}
   253 | D        | Found a transporter.
   255 | D        | Reached XP level 10. HP: 87/102 MP: 19/19
   255 | D        | Reached skill level 10 in Fighting
   255 | D        | Reached skill level 10 in Axes
   257 | D        | Reached skill level 10 in Shields
   257 | D        | Reached skill level 13 in Invocations
   355 | D        | Entered arena 11.
   356 | D        | Found a transporter.
   441 | D        | Entered arena 12.
   441 | D        | Noticed an ice dragon
   441 | D        | Noticed a frost giant
   441 | D        | Noticed an ice dragon
   441 | D        | Noticed a blizzard demon
   441 | D        | Noticed an ice dragon
   444 | D        | Killed a blizzard demon
   444 | D        | Noticed a frost giant
   445 | D        | Killed from afar by an ice dragon

Skill      XL: |  1  2  3  4  5  6  7  8  9 10 |
---------------+-------------------------------+-----
Fighting       | 4 5 6 7 8 9 11 | 11.0
Axes           | 4 5 7 8 9 11 | 11.0
Armour         | 3 4 5 6 7 8 9 |  9.5
Shields        | 3 4 5 6 7 9 10 | 10.5
Invocations    | 2 5 8 10 11 12 13 | 13.5

Action                   |  1- 3 |  4- 6 |  7- 9 | 10-12 || total
-------------------------+-------+-------+-------+-------++-------
Melee: Broad axe         |     8 |     5 |    10 |       ||    23
Invok: Slouch            |       |       |       |     8 ||     8
  Use: Potion            |     1 |       |       |       ||     1
Armor: Plate armour      |     2 |     4 |    32 |     1 ||    39
Block: Shield            |    14 |     8 |    50 |     6 ||    78
